 Dungeon Crawl Stone Soup version 0.28-a0-726-g4a9143789a (webtiles) character file.

Game seed: 1111519376737328613

74 bande the Covered (level 4, -1/29 HPs)
             Began as a Gargoyle Fighter on Oct 28, 2021.
             Slain by Grinder (6 damage)
             ... on level 3 of the Dungeon.
             The game lasted 00:03:23 (2996 turns).

bande the Covered (Gargoyle Fighter)                Turns: 2996, Time: 00:03:23

Health: -1/29      AC: 16    Str: 19    XL:     4   Next: 28%
Magic:  4/4        EV:  7    Int:  8    God:
Gold:   94         SH:  4    Dex:  7    Spells: 3/3 levels left

rFire   . . .      SeeInvis .   a - +0 war axe
rCold   + . .      Faith    .   c - +0 buckler
rNeg    + . .      Spirit   .   j - +0 chain mail
rPois   ∞          Reflect  .   l - +2 helmet
rElec   +          Harm     .   (no cloak)
rCorr   .          Rampage  .   (no gloves)
Will    +....                   (no boots)
Stlth   ..........              (no amulet)
HPRegen 0.09/turn               h - ring of willpower
MPRegen 0.09/turn               i - ring of protection from cold

@: mighty
A: sickness immunity, AC +3, negative energy resistance 1, electricity
resistance, torment resistance 1, petrification resistance, clumsy 1, weak 1,
evolution 1, MP-powered wands
a: no special abilities


You were on level 3 of the Dungeon.
You visited 1 branch of the dungeon, and saw 3 of its levels.

You collected 94 gold pieces.

Inventory:

Hand Weapons
 a - a +0 war axe (weapon)
Armour
 c - a +0 buckler (worn)
 j - a +0 chain mail (worn)
 l - a +2 helmet (worn)
Jewellery
 h - a ring of willpower (left hand)
 i - a ring of protection from cold (right hand)
Scrolls
 e - a scroll of teleportation
Potions
 f - 2 potions of brilliance
 g - a potion of haste {unknown}
 k - 2 potions of berserk rage {unknown}


   Skills:
 + Level 3.8 Fighting
 + Level 2.7 Axes
 + Level 4.1 Armour
 + Level 3.5 Shields


You had 3 spell levels left.
You didn't know any spells.
Your spell library contained the following spells:

 Spells                   Type           Power      Damage    Failure   Level
 Magic Dart               Conj           0%         1d3       99%         1
 Corpse Rot               Necr/Air       0%         N/A       100%        2
 Poisonous Vapours        Pois/Air       0%         N/A       100%        2
 Searing Ray              Conj           0%         2d4       100%        2
 Ignite Poison            Fire/Tmut/Pois 0%         N/A       100%        3
 Mephitic Cloud           Conj/Pois/Air  0%         N/A       100%        3
 Fulminant Prism          Conj/Hex       0%         3d6       100%        4
 Freezing Cloud           Conj/Ice/Air   0%         6-21      100%        5


Dungeon Overview and Level Annotations

Branches:
Dungeon (3/15)

Altars:

Annotations:
D:3 Grinder


Innate Abilities, Weirdness & Mutations

You are immune to sickness and miasma.
Your stone body is resilient. (AC +3)
You are immune to poison.
You resist negative energy. (rN+)
You are resistant to electric shocks. (rElec)
You are resistant to unholy torment.
You are immune to petrification.
You are clumsy. (Dex -2)
You are weak. (Str -2)
You have hidden genetic potential.
You expend magic power (3 MP) to strengthen your wands.


Message History

You see here 15 gold pieces.
Grinder blinks!
You closely miss Grinder. Grinder hits you but does no damage.
You closely miss Grinder. Grinder hits you but does no damage.
Grinder hits you.
You writhe in agony.
You closely miss Grinder. Grinder gestures at you.
You easily resist.
You hit Grinder.
Grinder is lightly wounded.
Grinder says, "Tell me all your secrets, or I'll kill you."
Grinder hits you.
You writhe in agony.
Grinder hits you.
You closely miss Grinder.
Grinder is lightly wounded.
Grinder hits you.
You are too injured to fight recklessly!
You are too injured to fight recklessly!
You are too injured to fight recklessly!
You are too injured to fight recklessly!
You are too injured to fight recklessly!
You are too injured to fight recklessly!
You are too injured to fight recklessly!
You feel very mighty all of a sudden. Grinder hits you but does no damage.
You hit Grinder.
Grinder is lightly wounded.
Grinder hits you but does no damage.
You slash Grinder!
Grinder is heavily wounded.
Grinder gestures at you.
You easily resist.
Grinder hits you.
* * * LOW HITPOINT WARNING * * *
You writhe in agony.
* * * LOW HITPOINT WARNING * * *
It was a potion of mutation.
You feel extremely strange.
You feel your magical essence link to the dungeon's wands.
You feel weaker.
You feel clumsy.
You feel a hidden potential growing inside you.
Grinder hits you.
You die...

#### .#### ..#
......#############.##
#.5@....$........#
###############..#
#..# #.†# # #..###
#..... ###### #


You could see Grinder.

Vanquished Creatures
  Robin (D:2)
  2 adders (D:2)
  2 bats (D:1)
  6 endoplasms
  11 goblins
  6 hobgoblins
  A quokka (D:1)
  4 ball pythons
  3 frilled lizards
  A kobold (D:1)
  6 rats
43 creatures vanquished.

Notes
Turn   | Place    | Note
-------+----------+-------------------------------------------
     0 | D:1      | bande the Gargoyle Fighter began the quest for the Orb.
     0 | D:1      | Reached XP level 1. HP: 14/14 MP: 1/1
   431 | D:1      | Reached XP level 2. HP: 19/19 MP: 2/2
  1336 | D:2      | Noticed Robin
  1379 | D:1      | Reached XP level 3. HP: 7/24 MP: 3/3
  2109 | D:2      | Killed Robin
  2167 | D:2      | Reached skill level 4 in Armour
  2246 | D:2      | Reached XP level 4. HP: 14/29 MP: 4/4
  2887 | D:2      | Found a faded altar of an unknown god.
  2979 | D:3      | Noticed Grinder
  2996 | D:3      | Gained mutation: You expend magic power (3 MP) to
                  | strengthen your wands. [potion of mutation]
  2996 | D:3      | Gained mutation: You are weak. (Str -2) [potion of
                  | mutation]
  2996 | D:3      | Gained mutation: You are clumsy. (Dex -2) [potion of
                  | mutation]
  2996 | D:3      | Gained mutation: You have hidden genetic potential. [potion
                  | of mutation]
  2996 | D:3      | Slain by Grinder

Illustrated notes

Levels and vault maps discovered:
D:1:      dpeg_cavernosity, layout_basic
D:2:      layout_loops_ring, dilly_ecumenical_altar_fadedgnrine,
          minmay_bisected, uniq_robin
D:3:      minmay_diamond_boxcup, layout_loops_ring, dk_noncrumbling_4,
          uniq_terence, uniq_grinder

Skill      XL: |  1  2  3 |
---------------+----------+-----
Axes           | 2 |  2.7
Armour         | 4 |  4.1
Fighting       | |  3.8
Shields        | |  3.5

Action                   |  1- 3 |  4- 6 || total
-------------------------+-------+-------++-------
Melee: War axe           |   123 |    30 ||   153
  Use: Scroll            |     3 |       ||     3
       Potion            |       |     2 ||     2
Armor: Scale mail        |    18 |       ||    18
       Chain mail        |    64 |    18 ||    82
Dodge: Dodged            |    56 |     8 ||    64
Block: Buckler           |    26 |     5 ||    31

Table legend: (Time is in decaauts)
 A = Elapsed time spent in this place.
 B = Non-inter-level travel time spent in this place.
 C = Inter-level travel time spent in this place.
 D = Time resting spent in this place.
 E = Time spent auto-exploring this place.
 F = Levels seen in this place.
 G = Mean time per level.
                   A        B        C        D        E       F      G
               +--------+--------+--------+--------+--------+-----+--------+
         Total |   3059 |   2958 |    101 |    876 |   1641 |   3 | 1019.7 |
       Dungeon |   3059 |   2958 |    101 |    876 |   1641 |   3 | 1019.7 |
               +--------+--------+--------+--------+--------+-----+--------+

Top non-repeatable levels by time:
     D:1: 1822 daAuts
     D:2: 1169 daAuts
     D:3: 66 daAuts
